BSA
BIRMINGHAM STEELDOGS @ NEW ORLEANS LOOTERS
03/06/2026
 
TOP OF THE 1ST
Birmingham Steeldogs batting - Pitching for New Orleans Looters : RHP Gennarino Lucchetti
Pitching: RHP Gennarino Lucchetti
Batting: LHB Glenn Garrett 0-0: Called Strike
0-1: Swinging Strike
0-2: Ball
1-2: Ball
2-2: Ball
3-2: Foul Ball, location: 2F
3-2: Foul Ball, location: 2F
3-2: Foul Ball, location: 2F
3-2: SINGLE (Groundball, 3D)
Batting: LHB José Sánchez 0-0: Fielders Choice at 2nd, 4-6 (Groundball, 4M)
Batting: LHB Chris Miller 0-0: Foul Ball, location: 2F
0-1: Ball
1-1: Called Strike
1-2: SINGLE (Groundball, 34D)
José Sánchez to second
Runner from 2nd tries for 3rd, SAFE, throw made to third
Batting: LHB Arturo Molina 0-0: SINGLE (Line Drive, 34)
José Sánchez scores
Chris Miller to second
Batting: LHB José Martínez 0-0: Foul Ball, location: 2F
0-1: Foul Ball, location: 2F
0-2: Strikes out swinging
Batting: RHB Lorenzo Martínez 0-0: Ball
1-0: Foul Ball, location: 2F
1-1: Ball
2-1: Fly out, F8 (Flyball, 89M)
Top of the 1st over - 1 run(s), 3 hit(s), 0 error(s), 2 left on base; Birmingham 1 - New Orleans 0
BOTTOM OF THE 1ST
New Orleans Looters batting - Pitching for Birmingham Steeldogs : RHP Manuel Romero
Pitching: RHP Manuel Romero
Batting: SHB Nate Rhodes 0-0: Called Strike
0-1: Ball
1-1: Bunted foul
1-2: Ball
2-2: Fly out, F8 (Flyball, 8LS)
Batting: RHB Rubén Vázquez 0-0: Ball
1-0: Foul Ball, location: 2F
1-1: Swinging Strike
1-2: Foul Ball, location: 2F
1-2: Ground out 6-3 (Groundball, 6M)
Batting: LHB Taylor Smith 0-0: Ball
1-0: Swinging Strike
1-1: Called Strike
1-2: Ball
2-2: Foul Ball, location: 2F
2-2: Ground out U3 (Groundball, 3)
Bottom of the 1st over - 0 run(s), 0 hit(s), 0 error(s), 0 left on base; Birmingham 1 - New Orleans 0
TOP OF THE 2ND
Birmingham Steeldogs batting - Pitching for New Orleans Looters : RHP Gennarino Lucchetti
Batting: LHB Mitchell Oglethorpe 0-0: Called Strike
0-1: Swinging Strike
0-2: Foul Ball, location: 2F
0-2: Ball
1-2: Foul Ball, location: 2F
1-2: Foul Ball, location: 2F
1-2: Ball
2-2: Ball
3-2: Foul Ball, location: 2F
3-2: Ground out 5-3 (Groundball, 5S)
Batting: LHB Ashley Pickhills 0-0: Ball
1-0: Ball
2-0: SINGLE (Groundball, 4MD) (infield hit)
Batting: RHB Paço Ttes 0-0: Called Strike
0-1: Swinging Strike
0-2: Ball
1-2: Ball
2-2: Strikes out swinging
Batting: LHB Glenn Garrett 0-0: Ball
1-0: Called Strike
Ashley Pickhills steals 2nd base
1-1: Swinging Strike
1-2: Foul Ball, location: 2F
1-2: Ground out 4-3 (Groundball, 34)
Top of the 2nd over - 0 run(s), 1 hit(s), 0 error(s), 1 left on base; Birmingham 1 - New Orleans 0
BOTTOM OF THE 2ND
New Orleans Looters batting - Pitching for Birmingham Steeldogs : RHP Manuel Romero
Batting: LHB Justino Salas 0-0: Ball
1-0: Foul Ball, location: 2F
1-1: Foul Ball, location: 2F
1-2: SINGLE (Groundball, 5D)
Batting: RHB Stephen Shaw 0-0: Called Strike
0-1: Swinging Strike
0-2: Ball
1-2: Ball
2-2: Ball
3-2: Strikes out swinging
Batting: RHB Francisco Ibarra 0-0: SINGLE (Groundball, 34D)
Justino Salas to second
Runner from 2nd tries for 3rd, SAFE, throw made to third
Batting: RHB Luis Alou 0-0: DOUBLE (Flyball, 9LM)
Justino Salas scores
Francisco Ibarra to third
Batting: RHB Ángel Castaneda 0-0: Called Strike
0-1: Foul Ball, location: 2F
0-2: Ball
1-2: Foul Ball, location: 2F
1-2: Foul Ball, location: 2F
1-2: Foul Ball, location: 2F
1-2: Strikes out swinging
Batting: RHB Carl Brown 0-0: Ball
1-0: Ball
2-0: Called Strike
2-1: Called Strike
2-2: Strikes out swinging
Bottom of the 2nd over - 1 run(s), 3 hit(s), 0 error(s), 2 left on base; Birmingham 1 - New Orleans 1
TOP OF THE 3RD
Birmingham Steeldogs batting - Pitching for New Orleans Looters : RHP Gennarino Lucchetti
Batting: LHB José Sánchez 0-0: Swinging Strike
0-1: Foul Ball, location: 2F
0-2: Ground out 4-3 (Groundball, 4)
Batting: LHB Chris Miller 0-0: Fly out, F9 (Flyball, 89D)
Batting: LHB Arturo Molina 0-0: Ball
1-0: Foul Ball, location: 2F
1-1: Ball
2-1: Swinging Strike
2-2: Ball
3-2: SINGLE (Line Drive, 8RS)
Batting: LHB José Martínez 0-0: Foul Ball, location: 2F
0-1: Foul Ball, location: 2F
0-2: Ball
Wild Pitch!
Arturo Molina to second
1-2: Ball
2-2: Foul Ball, location: 2F
2-2: Strikes out swinging
Top of the 3rd over - 0 run(s), 1 hit(s), 0 error(s), 1 left on base; Birmingham 1 - New Orleans 1
BOTTOM OF THE 3RD
New Orleans Looters batting - Pitching for Birmingham Steeldogs : RHP Manuel Romero
Batting: SHB Nate Rhodes 0-0: Swinging Strike
0-1: Ball
1-1: Called Strike
1-2: Ball
2-2: SOLO HOME RUN (Flyball, 89XD), Distance : 410 ft
Batting: RHB Rubén Vázquez 0-0: Ball
1-0: Swinging Strike
1-1: Ball
2-1: Foul Ball, location: 2F
2-2: Foul Ball, location: 2F
2-2: Ground out 2-3 (Groundball, 2L)
Batting: LHB Taylor Smith 0-0: Called Strike
0-1: Foul Ball, location: 2F
0-2: Ball
1-2: Ball
2-2: Strikes out swinging
Batting: LHB Justino Salas 0-0: Ball
1-0: Foul Ball, location: 2F
1-1: Ball
2-1: Fly out, F7 (Flyball, 7LMF)
Bottom of the 3rd over - 1 run(s), 1 hit(s), 0 error(s), 0 left on base; Birmingham 1 - New Orleans 2
TOP OF THE 4TH
Birmingham Steeldogs batting - Pitching for New Orleans Looters : RHP Gennarino Lucchetti
Batting: RHB Lorenzo Martínez 0-0: Called Strike
0-1: Ball
1-1: Ball
2-1: SINGLE (Groundball, 4MD)
Batting: LHB Mitchell Oglethorpe 0-0: Ball
1-0: Called Strike
1-1: Grounds into double play, U4-3 (Groundball, 4)
Batting: LHB Ashley Pickhills 0-0: Ball
1-0: Ground out 6-3 (Groundball, 6MS)
Top of the 4th over - 0 run(s), 1 hit(s), 0 error(s), 0 left on base; Birmingham 1 - New Orleans 2
BOTTOM OF THE 4TH
New Orleans Looters batting - Pitching for Birmingham Steeldogs : RHP Manuel Romero
Batting: RHB Stephen Shaw 0-0: Called Strike
0-1: Called Strike
0-2: Ball
1-2: Fly out, F8 (Flyball, 8LM)
Batting: RHB Francisco Ibarra 0-0: Foul Ball, location: 2F
0-1: Ball
1-1: Called Strike
1-2: Strikes out looking
Batting: RHB Luis Alou 0-0: Ball
1-0: Called Strike
1-1: Ball
2-1: Ground out 4-3 (Groundball, 4)
Bottom of the 4th over - 0 run(s), 0 hit(s), 0 error(s), 0 left on base; Birmingham 1 - New Orleans 2
TOP OF THE 5TH
Birmingham Steeldogs batting - Pitching for New Orleans Looters : RHP Gennarino Lucchetti
Pitching: RHP Ricardo Pérez
Batting: RHB Paço Ttes 0-0: Swinging Strike
0-1: Foul Ball, location: 2F
0-2: Fly out, F8 (Flyball, 8LXD)
Batting: LHB Glenn Garrett 0-0: Ground out U3 (Groundball, 3S)
Batting: LHB José Sánchez 0-0: Ground out 4-3 (Groundball, 4)
Top of the 5th over - 0 run(s), 0 hit(s), 0 error(s), 0 left on base; Birmingham 1 - New Orleans 2
BOTTOM OF THE 5TH
New Orleans Looters batting - Pitching for Birmingham Steeldogs : RHP Manuel Romero
Pitching: RHP José Ruíz
Batting: RHB Ángel Castaneda 0-0: Ball
1-0: Ball
2-0: Foul Ball, location: 2F
2-1: Ball
3-1: Base on Balls
Batting: RHB Carl Brown 0-0: Called Strike
0-1: Grounds into double play, 2-6-3 (Groundball, 2R)
Batting: SHB Nate Rhodes 0-0: Called Strike
0-1: Ball
1-1: Swinging Strike
1-2: Strikes out swinging
Bottom of the 5th over - 0 run(s), 0 hit(s), 0 error(s), 0 left on base; Birmingham 1 - New Orleans 2
TOP OF THE 6TH
Birmingham Steeldogs batting - Pitching for New Orleans Looters : RHP Ricardo Pérez
Batting: LHB Chris Miller 0-0: Ball
1-0: Ball
2-0: SINGLE (Groundball, 6MD)
Batting: LHB Arturo Molina 0-0: Ball
Chris Miller is caught stealing 2nd base
1-0: Foul Ball, location: 2F
1-1: DOUBLE (Flyball, 89XD)
Batting: LHB José Martínez 0-0: Foul Ball, location: 2F
0-1: Swinging Strike
0-2: Strikes out swinging
Batting: RHB Lorenzo Martínez 0-0: Foul Ball, location: 2F
0-1: Ball
1-1: Swinging Strike
1-2: Strikes out swinging
Top of the 6th over - 0 run(s), 2 hit(s), 0 error(s), 1 left on base; Birmingham 1 - New Orleans 2
BOTTOM OF THE 6TH
New Orleans Looters batting - Pitching for Birmingham Steeldogs : RHP José Ruíz
Batting: RHB Rubén Vázquez 0-0: Ball
1-0: Ball
2-0: Foul Ball, location: 2F
2-1: Swinging Strike
2-2: Fly out, F6 (Popup, 6MS)
Batting: LHB Taylor Smith 0-0: Swinging Strike
0-1: Foul Ball, location: 2F
0-2: Ball
1-2: Ball
2-2: Ground out 5-3 (Groundball, 5S)
Batting: LHB Justino Salas 0-0: Ball
1-0: Swinging Strike
1-1: Foul Ball, location: 2F
1-2: Strikes out swinging
Bottom of the 6th over - 0 run(s), 0 hit(s), 0 error(s), 0 left on base; Birmingham 1 - New Orleans 2
TOP OF THE 7TH
Birmingham Steeldogs batting - Pitching for New Orleans Looters : RHP Ricardo Pérez
Pitching: RHP Bartolo González
Batting: LHB Mitchell Oglethorpe 0-0: Ball
1-0: Foul Ball, location: 2F
1-1: Ball
2-1: Ball
3-1: Foul Ball, location: 2F
3-2: SINGLE (Groundball, 4MD)
Batting: LHB Ashley Pickhills 0-0: Ball
1-0: Bunted foul
1-1: Foul Ball, location: 2F
1-2: SINGLE (Groundball, 34D)
Mitchell Oglethorpe to second
Pinch Hitting: RHB Eric Johnson 0-0: Sac Bunt - play at first, batter OUT! 5-4
Mitchell Oglethorpe to third
Ashley Pickhills to second
Pinch Hitting: LHB Ben Kelley 0-0: Ball
1-0: DOUBLE (Flyball, 9D)
Mitchell Oglethorpe scores
Ashley Pickhills scores
Pinch Hitting: RHB Júlio Pacheco 0-0: Called Strike
0-1: Ball
1-1: Ground out 5-3 (Groundball, 56)
Batting: RHB Raúl Soto 0-0: Called Strike
0-1: Called Strike
0-2: Foul Ball, location: 2F
0-2: Foul Ball, location: 2F
0-2: Foul Ball, location: 2F
0-2: Foul Ball, location: 2F
0-2: Ball
1-2: Ball
2-2: Strikes out looking
Top of the 7th over - 2 run(s), 3 hit(s), 0 error(s), 1 left on base; Birmingham 3 - New Orleans 2
BOTTOM OF THE 7TH
New Orleans Looters batting - Pitching for Birmingham Steeldogs : RHP José Ruíz
Pitching: RHP Michel Dallaire
Now at 2B: Jorge Canó
Now at SS: Jean-Paul St-Pierre
Now in CF: Eric Johnson
Batting: RHB Stephen Shaw 0-0: Called Strike
0-1: Ball
1-1: Called Strike
1-2: Ball
2-2: DOUBLE (Line Drive, 7D)
Pinch Hitting: SHB Zach Franks 0-0: Called Strike
0-1: Ball
1-1: Ball
2-1: Called Strike
2-2: Ground out 4-3 (Groundball, 4)
Stephen Shaw to third
Pinch Hitting: LHB Francisco Vega 0-0: Ball
1-0: Ball
2-0: Fly out, F7 (Flyball, 7S)
Batting: RHB Ángel Castaneda 0-0: Foul Ball, location: 2F
0-1: Swinging Strike
0-2: Ball
1-2: Strikes out swinging
Bottom of the 7th over - 0 run(s), 1 hit(s), 0 error(s), 1 left on base; Birmingham 3 - New Orleans 2
TOP OF THE 8TH
Birmingham Steeldogs batting - Pitching for New Orleans Looters : RHP Bartolo González
Now at 3B: Gustavo Ortíz
Now in LF: Zach Franks
Batting: LHB Arturo Molina 0-0: Ball
1-0: Foul Ball, location: 2F
1-1: SINGLE (Groundball, 23) (infield hit)
Batting: LHB José Martínez 0-0: Called Strike
0-1: Ball
1-1: Swinging Strike
1-2: Ball
2-2: Grounds into double play, 4-6-3 (Groundball, 4)
Pinch Hitting: LHB John Haney 0-0: Called Strike
0-1: Foul Ball, location: 2F
0-2: DOUBLE (Line Drive, 9LM)
Pinch Hitting: RHB Valentín Borges 0-0: Ball
1-0: Ball
2-0: Ball
3-0: Swinging Strike
3-1: Base on Balls
Batting: LHB Ashley Pickhills 0-0: Called Strike
0-1: Ball
1-1: Foul Ball, location: 2F
1-2: Foul Ball, location: 2F
1-2: Foul Ball, location: 2F
1-2: Ball
2-2: Ball
3-2: Foul Ball, location: 2F
3-2: Fly out, F8 (Flyball, 8LS)
Top of the 8th over - 0 run(s), 2 hit(s), 0 error(s), 2 left on base; Birmingham 3 - New Orleans 2
BOTTOM OF THE 8TH
New Orleans Looters batting - Pitching for Birmingham Steeldogs : RHP Michel Dallaire
Now at C: Valentín Borges
Now in CF: John Haney
Batting: RHB Carl Brown 0-0: Foul Ball, location: 2F
0-1: Called Strike
0-2: Ball
1-2: SINGLE (Popup, 4MD)
Pinch Hitting: RHB Jimmy Simon 0-0: Ball
1-0: Bunted foul
1-1: Bunted foul
1-2: Ground out 5-3 (Groundball, 56)
Carl Brown to second
Pinch Hitting: SHB Oliver Deleón 0-0: Called Strike
0-1: Foul Ball, location: 2F
0-2: SINGLE (Line Drive, 7LS)
Carl Brown to third
Runner from 3rd tries for Home, SAFE, throw made home
Batting: LHB José Esparza 0-0: Ball
1-0: Ball
2-0: Ball
3-0: Called Strike
3-1: Base on Balls
Oliver Deleón to second
Pitching: RHP Craig Draper
Batting: LHB Justino Salas 0-0: Ball
1-0: Called Strike
1-1: Ball
2-1: Called Strike
2-2: Strikes out looking
Pinch Hitting: RHB José Mora 0-0: Ball
1-0: Swinging Strike
1-1: Ball
2-1: Ball
3-1: Base on Balls
Oliver Deleón to third
José Esparza to second
Batting: SHB Zach Franks 0-0: Called Strike
0-1: DOUBLE (Flyball, 89D)
Oliver Deleón scores
José Esparza scores
José Mora to third
Runner from 3rd tries for Home, throw and OUT!
Bottom of the 8th over - 3 run(s), 3 hit(s), 0 error(s), 1 left on base; Birmingham 3 - New Orleans 5
TOP OF THE 9TH
Birmingham Steeldogs batting - Pitching for New Orleans Looters : RHP Bartolo González
Pitching: RHP Dale Downs
Now at 2B: José Mora
Now at SS: Dave O'Loan
Now in CF: Wyatt McKinnon
Now in RF: Jimmy Simon
Batting: RHB Eric Johnson 0-0: Foul Ball, location: 2F
0-1: Ball
1-1: Swinging Strike
1-2: Foul Ball, location: 2F
1-2: Foul Ball, location: 2F
1-2: Ball
2-2: Ball
3-2: Base on Balls
Batting: RHB Jean-Paul St-Pierre 0-0: Swinging Strike
0-1: Called Strike
0-2: Ball
1-2: Fielders Choice at 2nd, 4-6 (Groundball, 34)
Batting: RHB Jorge Canó 0-0: Ball
1-0: Called Strike
1-1: Foul Ball, location: 2F
1-2: Fly out, F8 (Line Drive, 8RD)
Batting: RHB Raúl Soto 0-0: Foul Ball, location: 2F
0-1: Fielders Choice at 2nd, 6-4 (Groundball, 6)
Top of the 9th over - 0 run(s), 0 hit(s), 0 error(s), 0 left on base; Birmingham 3 - New Orleans 5
Monday, December 5th, 2016 - OOTP Baseball 17.12 Build 75